Map: Nightscape LE

Players

spacesurgeon - Winner!

  • Race: Terran Terran
  • League: Diamond
  • Spawn Location: 7:00

monkee - Winner!

  • Race: Zerg Zerg
  • Spawn Location: 7:00

qqq

  • Race: Zerg Zerg
  • Spawn Location: 1:00

Massa

  • Race: Terran Terran
  • League: Platinum
  • Spawn Location: 1:00

VOD

Have the link to the VOD?

Description

Time

  • Played on: March 5, 2021, 5:39 p.m.
  • Length: 24:52
Show
View Real Time Build Order
Export as new Build Order

spacesurgeon Terran - Winner!

Build Orders:  

Get SALT Encoding   

  12  0:00  SCV  
  13  0:12  SCV  
  14  0:17  Supply Depot  
  14  0:24  SCV  
  15  0:41  Barracks  
  15  0:45  Refinery  
  15  0:51  Barracks  
  15  0:56  SCV  
  16  1:08  SCV  
  16  1:09  Refinery  
  17  1:20  SCV  
  18  1:29  Reaper  
  20  1:32  SCV  
  20  1:40  Reaper  
  20  1:46  Supply Depot  
  21  1:50  Orbital Command  
  21  2:01  Reaper  
  22  2:12  Reaper  
  23  2:16  SCV  
  23  2:21  Factory  
  24  2:28  SCV  
  25  2:31  Supply Depot  
  25  2:33  Reaper  
  26  2:40  SCV  
  27  2:45  Reaper  
  28  2:52  SCV  
  29  3:04  SCV  
  30  3:06  Reaper, Hellion  
  34  3:25  Command Center  
  34  3:32  SCV  
  35  3:34  Factory Tech Lab  
  36  3:44  SCV  
  36  3:45  Barracks Tech Lab  
  36  3:48  Barracks Reactor  
  35  3:50  Starport  
  35  3:51  Supply Depot  
  35  3:56  SCV  
  32  4:42  Marine  
  32  4:43  Marine  
  31  4:54  Marine  
  31  4:55  Starport Reactor, Siege Tank, Stimpack  
  31  4:58  Barracks  
  33  5:00  Barracks, Marine x2  
  33  5:02  Barracks  
  33  5:04  Engineering Bay  
  33  5:05  Engineering Bay  
  35  5:18  Marine x3  
  35  5:20  Supply Depot  
  38  5:22  SCV  
  39  5:36  Marine x3  
  39  5:41  Orbital Command  
  42  5:50  Medivac x2  
  42  5:51  Marine  
  42  5:52  Marine  
  42  5:54  Marine x3  
  51  6:02  Terran Infantry Weapons Level 1  
  51  6:03  Terran Infantry Armor Level 1  
  51  6:09  Marine x2  
  53  6:11  Marine  
  54  6:24  Marine x2  
  56  6:27  Marine x2  
  58  6:34  Combat Shield  
  58  6:43  Marine x3  
  58  6:45  Marine x2, Medivac x2  
  67  7:00  Marine  
  67  7:01  Marine  
  65  7:17  Marine  
  65  7:18  Marine x3  
  65  7:19  Marine  
  65  7:22  Orbital Command  
  70  7:40  Barracks Reactor x2  
  70  7:45  SCV, Marine x3  
  74  7:52  SCV  
  74  7:55  Supply Depot  
  74  7:56  Siege Tank  
  78  8:11  Supply Depot  
  78  8:13  Missile Turret  
  78  8:14  Missile Turret  
  78  8:15  Missile Turret  
  78  8:16  Marine x3, Missile Turret  
  78  8:17  SCV x2  
  83  8:29  SCV x2  
  83  8:32  Marine  
  83  8:33  Marine x3  
  89  8:34  Marine  
  89  8:41  SCV  
  79  9:15  Marine x5  
  79  9:16  Marine x2, Medivac x2, Siege Tank  
  93  9:17  SCV  
  93  9:22  Supply Depot  
  94  9:31  Supply Depot  
  94  9:34  Supply Depot  
  94  9:43  Marine x7  
  94  9:44  SCV, Armory  
  102  9:46  SCV  
  103  9:58  Command Center  
  103  10:01  Marine  
  103  10:03  Refinery  
  104  10:16  Marine x6  
  110  10:28  Marine  
  110  10:29  Medivac x2, Siege Tank  
  110  10:33  Marine  
  110  10:34  Marine x2  
  121  10:45  Terran Infantry Weapons Level 2  
  116  10:55  Marine x4  
  116  10:56  Marine x3  
  108  11:12  Orbital Command  
  108  11:13  Marine x4  
  108  11:18  Refinery, Marine x3, Missile Turret  
  113  11:19  Missile Turret  
  115  11:31  Marine  
  116  11:53  Marine  
  116  11:54  Orbital Command, Marine x6  
  122  12:04  Missile Turret x2  
  122  12:11  Marine  
  123  12:28  Marine x2  
  118  13:00  Marine x7  
  118  13:01  Medivac x2, Siege Tank  
  132  13:09  SCV x3  
  135  13:17  Marine  
  135  13:18  Marine x2  
  138  13:21  SCV, Marine x2  
  141  13:29  Marine x2  
  132  13:35  Marine  
  132  13:36  Marine x2  
  132  13:39  Marine x2  
  123  13:47  Marine x2  
  109  13:53  Marine  
  109  13:54  Marine  
  109  13:55  Marine  
  109  13:57  Marine x2  
  112  14:05  Marine x2  
  114  14:10  Refinery x2, SCV  
  114  14:11  Marine x2, Siege Tank  
  114  14:13  Marine, Sensor Tower  
  114  14:14  Marine  
  114  14:15  Marine  
  122  14:23  Marine x2  
  120  14:29  Marine x2  
  116  14:42  Marine  
  116  14:43  Marine x4  
  116  14:45  Terran Infantry Weapons Level 3  
  121  14:47  Marine x2  
  123  14:53  Missile Turret  
  120  15:11  Orbital Command  
  120  15:13  Marine x4  
  94  15:16  Marine x3  
  91  15:31  Marine x3  
  90  15:42  Marine x4  
  78  15:48  SCV x2, Marine  
  82  15:58  Medivac x2  
  86  16:09  Marine  
  86  16:10  Marine x3  
  90  16:18  Marine x3  
  93  16:30  Marine x4  
  93  16:31  Widow Mine, Medivac x2  
  103  16:35  Barracks x2, Marine x2  
  103  16:36  Barracks  
  105  16:52  Siege Tank  
  105  16:53  SCV x3  
  105  16:54  Sensor Tower  
  111  17:06  Marine  
  111  17:07  Marine x6  
  118  17:15  Missile Turret  
  118  17:17  Missile Turret  
  118  17:24  Marine x6  
  118  17:26  Barracks Reactor x2, Terran Infantry Armor Level 2  
  124  17:32  Marine x2  
  126  17:42  Marine x2  
  128  17:50  Bunker  
  128  17:57  Marine x6  
  134  18:02  Supply Depot  
  134  18:03  Supply Depot  
  134  18:04  Supply Depot  
  134  18:05  Marine x6  
  136  18:09  SCV  
  141  18:17  SCV  
  141  18:22  Medivac  
  141  18:24  Siege Tank  
  142  18:31  Marine x4  
  142  18:32  Marine x2  
  131  18:57  Marine x9  
  124  19:28  Marine x5  
  124  19:29  Marine x7  
  120  20:03  Barracks Reactor, Marine x3  
  120  20:04  Marine x5  
  128  20:09  Orbital Command  
  128  20:12  Marine x3  
  131  20:14  SCV x2  
  131  20:20  Marine  
  131  20:21  Marine x3  
  135  20:22  Medivac x2  
  135  20:26  SCV x2  
  128  20:36  SCV  
  128  20:38  SCV x2  
  128  20:40  Marine x2  
  128  20:41  Marine x5  
  138  20:48  SCV  
  139  20:50  SCV x2  
  139  20:57  Marine x5  
  141  21:01  SCV  
  141  21:02  SCV  
  141  21:03  SCV  
  144  21:13  SCV  
  144  21:15  SCV  
  139  21:22  SCV  
  139  21:25  SCV, Marine x11  
  130  21:26  Marine x2  
  130  21:27  SCV  
  142  21:34  SCV  
  142  21:37  SCV  
  142  21:39  SCV  
  145  21:42  Marine  
  145  21:43  Marine x12  
  145  21:46  SCV  
  159  21:49  SCV  
  159  21:52  SCV  
  160  21:56  Missile Turret  
  160  21:58  SCV  
  160  21:59  Missile Turret  
  160  22:00  Marine  
  160  22:01  SCV, Marine x2  
  165  22:14  Refinery  
  165  22:15  Refinery  
  165  22:34  Marine x9  
  165  22:45  Marine  
  161  22:52  Marine x2  
  161  22:53  Medivac, Siege Tank  
  161  22:54  Marine  
  161  22:55  Marine x2  
  165  23:14  Marine x2  
  165  23:19  Command Center  
  165  23:26  Marine x11, Medivac x2, Supply Depot  
  180  23:28  Supply Depot  
  180  23:32  Marine  
  181  23:47  Marine  
  182  24:01  Marine x2  
  184  24:06  Marine  
  184  24:07  Marine x10  
  195  24:10  Supply Depot  
  195  24:19  Marine  
Show
View Real Time Build Order
Export as new Build Order

monkee Zerg - Winner!

Build Orders: Hatch First, Swarm Host 

Get SALT Encoding   

  12  0:01  Drone  
  13  0:12  Overlord  
  13  0:22  Drone  
  14  0:31  Drone x2  
  16  0:38  Drone  
  17  0:51  Drone  
  18  1:01  Hatchery, Drone  
  18  1:04  Extractor  
  17  1:16  Drone  
  18  1:18  Spawning Pool  
  18  1:20  Drone  
  18  1:32  Drone  
  19  1:53  Drone x2  
  21  2:02  Drone  
  22  2:12  Queen x2  
  22  2:14  Zergling x4  
  28  2:21  Overlord  
  28  2:24  Metabolic Boost  
  28  2:57  Zergling x12  
  34  3:00  Lair  
  34  3:19  Drone x2  
  36  3:24  Overlord x3  
  36  3:45  Zergling x12  
  42  3:53  Drone  
  36  4:25  Drone x6  
  41  4:44  Baneling Nest  
  41  4:45  Drone  
  41  4:49  Extractor  
  41  4:50  Drone x3  
  43  4:54  Queen x2  
  43  4:58  Drone  
  48  5:04  Drone  
  48  5:05  Drone x3  
  52  5:11  Zergling x2  
  52  5:12  Zergling x4  
  46  5:37  Baneling x6  
  46  5:39  Centrifical Hooks  
  46  5:44  Nydus Network  
  46  5:48  Drone x2  
  47  5:54  Infestation Pit  
  41  6:32  Swarm Host x2  
  41  6:34  Swarm Host  
  50  6:59  Hatchery  
  49  7:02  Extractor  
  49  7:03  Extractor  
  49  7:08  Swarm Host x2  
  53  7:31  Overlord x4  
  53  7:47  Hatchery  
  52  7:53  Swarm Host  
  55  8:12  Overlord x2  
  55  8:17  Spore Crawler  
  54  8:20  Spore Crawler  
  54  8:22  Drone x6  
  54  8:26  Spore Crawler  
  58  8:27  Spore Crawler  
  58  8:33  Swarm Host x2  
  63  8:41  Swarm Host  
  66  8:51  Nydus Canal  
  66  9:18  Drone x2  
  66  9:23  Drone x9  
  77  9:30  Swarm Host  
  77  9:31  Swarm Host x3  
  89  9:39  Hatchery  
  89  9:40  Hatchery  
  87  9:48  Evolution Chamber  
  87  9:49  Evolution Chamber  
  82  10:08  Spore Crawler  
  82  10:11  Spore Crawler  
  78  10:17  Overlord x4  
  78  10:25  Overlord  
  78  10:26  Overlord  
  78  10:35  Queen x2  
  82  10:37  Spore Crawler  
  82  10:40  Spore Crawler  
  82  10:42  Drone x4  
  84  10:43  Spore Crawler  
  84  10:49  Pneumatized Carapace  
  81  11:01  Drone x3  
  84  11:10  Queen  
  86  11:16  Zerg Missile Weapons Level 1, Zerg Ground Armor Level 1  
  86  11:18  Swarm Host x5  
  86  11:23  Overseer  
  86  11:24  Overseer  
  86  11:25  Overseer  
  101  11:32  Nydus Canal  
  102  11:40  Drone x3, Extractor  
  102  11:41  Extractor  
  102  11:44  Nydus Network  
  101  12:04  Nydus Canal  
  100  12:35  Hatchery  
  99  12:56  Nydus Canal  
  99  13:02  Extractor  
  99  13:03  Drone x4  
  102  13:12  Swarm Host x3  
  105  13:15  Overlord  
  105  13:16  Overlord x9  
  111  13:40  Nydus Canal  
  111  14:11  Nydus Canal  
  111  14:15  Extractor  
  111  14:16  Extractor  
  109  14:18  Swarm Host x13  
  136  14:33  Burrow  
  136  14:36  Spore Crawler x4  
  136  14:38  Drone x2, Spore Crawler  
  131  14:39  Drone  
  131  14:40  Drone x3  
  131  14:41  Drone  
  131  14:43  Drone  
  131  14:44  Drone  
  140  14:46  Drone  
  141  14:53  Nydus Canal  
  141  15:13  Nydus Canal  
  141  15:42  Nydus Canal  
  141  16:03  Nydus Canal  
  135  16:19  Nydus Canal  
  135  16:21  Swarm Host x5  
  135  16:22  Swarm Host x9  
  156  17:02  Drone x2  
  156  17:04  Drone x5  
  156  17:05  Drone x2  
  165  17:42  Nydus Network  
  164  18:02  Nydus Canal  
  164  18:06  Swarm Host x3  
  164  18:07  Swarm Host x8  
  164  18:11  Overlord x3  
  164  18:12  Zerg Missile Weapons Level 2  
  197  18:13  Zerg Ground Armor Level 2  
  197  18:22  Hatchery  
  196  18:34  Nydus Canal  
  176  19:40  Nydus Canal  
  174  20:00  Swarm Host x8  
  174  20:06  Drone x2  
  200  20:11  Hatchery  
  199  20:31  Hive  
  199  21:05  Extractor x2  
  197  21:28  Nydus Canal x2  
  197  21:35  Nydus Network  
  196  21:40  Overlord  
  196  21:41  Overlord x2  
  196  22:18  Nydus Canal  
  196  22:20  Overseer  
  196  22:28  Nydus Canal  
  196  22:30  Nydus Canal  
  196  23:10  Overseer  
  196  23:22  Nydus Canal  
  193  23:45  Nydus Canal x2  
  193  23:46  Nydus Canal  
  187  24:19  Nydus Canal  
  187  24:21  Nydus Canal  
  187  24:24  Nydus Canal  
Show
View Real Time Build Order
Export as new Build Order

qqq Zerg 

Build Orders: Hatch First 

Get SALT Encoding   

  12  0:00  Drone  
  13  0:08  Drone  
  14  0:18  Overlord  
  14  0:50  Hatchery  
  14  0:56  Drone x2  
  15  0:58  Drone  
  16  1:20  Extractor, Spawning Pool  
  14  1:31  Drone x2  
  14  1:32  Drone  
  17  1:57  Drone  
  17  1:58  Drone  
  19  2:04  Drone  
  19  2:10  Queen x2  
  19  2:12  Drone  
  24  2:18  Overlord  
  24  2:21  Drone  
  25  2:26  Metabolic Boost  
  25  2:29  Drone  
  26  2:32  Drone  
  27  2:40  Drone x2  
  29  2:47  Baneling Nest  
  28  3:00  Drone  
  28  3:01  Drone x3  
  32  3:16  Zergling x4  
  32  3:17  Zergling x2  
  35  3:25  Zergling x2  
  35  3:26  Overlord x2  
  35  3:27  Overlord x2  
  36  3:32  Evolution Chamber  
  35  3:37  Zergling x2  
  35  3:40  Lair  
  36  3:47  Zergling x6  
  39  3:49  Baneling x3  
  39  3:51  Zergling x2  
  39  3:55  Zergling x4  
  42  3:56  Extractor  
  42  3:59  Overlord  
  41  4:03  Baneling  
  41  4:05  Zergling x4  
  41  4:44  Zergling x6  
  41  4:45  Drone x2, Zergling x2  
  47  4:56  Zergling x4  
  49  5:13  Spire  
  48  5:15  Hatchery  
  48  5:20  Hatchery  
  46  5:26  Zergling x8  
  46  5:37  Zergling x8  
  46  5:41  Baneling x4  
  47  5:57  Drone x5  
  47  5:58  Drone  
  47  6:01  Extractor  
  47  6:04  Extractor  
  48  6:32  Mutalisk x2  
  47  6:35  Drone x3  
  43  6:47  Drone  
  43  6:48  Drone x4  
  43  6:50  Drone  
  43  6:51  Drone x3  
  43  6:52  Drone x4  
  53  7:01  Mutalisk  
  53  7:02  Drone  
  53  7:03  Drone x3  
  53  7:04  Drone, Infestation Pit  
  59  7:10  Queen  
  59  7:13  Queen  
  63  7:16  Drone  
  63  7:18  Drone x2  
  63  7:20  Drone  
  67  7:36  Mutalisk x2  
  71  7:37  Overlord  
  71  7:38  Mutalisk  
  71  7:39  Overlord x2  
  71  7:41  Mutalisk  
  71  7:44  Drone x2  
  77  8:05  Mutalisk  
  77  8:06  Mutalisk  
  77  8:11  Drone x4  
  85  8:15  Extractor  
  85  8:16  Extractor  
  85  8:17  Extractor  
  85  8:18  Extractor  
  81  8:20  Drone x4  
  81  8:21  Drone x4  
  81  8:22  Drone  
  90  8:28  Mutalisk x2  
  90  8:29  Mutalisk  
  96  8:41  Spire  
  86  9:17  Drone x3  
  89  9:31  Spawning Pool  
  88  9:42  Hatchery  
  87  10:00  Hatchery  
  87  10:03  Hatchery  
  82  10:15  Hatchery  
  81  10:27  Lair  
  81  10:29  Zerg Flyer Armor Level 1  
  81  10:32  Mutalisk  
  81  10:34  Overlord x5  
  81  11:09  Drone x5  
  81  11:10  Drone x3  
  89  11:15  Lair  
  89  11:17  Drone x2  
  91  11:23  Hatchery  
  91  11:24  Drone x3  
  93  11:35  Drone x5  
  93  11:36  Drone x5  
  93  11:37  Spine Crawler  
  93  11:39  Mutalisk x2  
  102  11:40  Mutalisk  
  92  11:49  Hive  
  92  11:52  Mutalisk x6  
  104  12:03  Spine Crawler  
  104  12:05  Spine Crawler  
  104  12:07  Spine Crawler  
  101  12:08  Spine Crawler  
  101  12:14  Mutalisk x7  
  113  12:38  Mutalisk x2  
  113  12:39  Mutalisk x5  
  113  12:40  Zergling x4  
  113  12:41  Zergling x12  
  135  12:56  Overlord x4  
  135  12:57  Overlord x2  
  92  13:14  Greater Spire  
  92  13:15  Corruptor x3  
  90  13:48  Corruptor x2  
  90  13:51  Drone  
  90  13:52  Drone x5  
  90  13:54  Drone  
  90  13:55  Drone  
  93  14:05  Corruptor  
  86  14:32  Corruptor x2  
  86  14:38  Hatchery  
  87  14:47  Drone x6  
  87  14:50  Brood Lord x2  
  97  14:53  Hatchery  
  96  15:01  Zerg Flyer Weapons Level 1  
  96  15:02  Drone x6  
  86  15:41  Brood Lord  
  86  15:42  Brood Lord  
  87  15:50  Hatchery  
  75  16:19  Zergling x6  
  76  16:34  Drone x4  
  76  16:37  Extractor  
  78  16:40  Queen  
  80  16:54  Hatchery  
  80  16:57  Brood Lord x2  
  80  16:58  Corruptor  
  80  17:00  Zergling x6  
  88  17:10  Zerg Flyer Weapons Level 2  
  88  17:18  Drone x4, Hatchery  
  91  17:36  Drone x2  
  91  17:37  Drone x5  
  95  17:41  Spine Crawler x2  
  96  17:46  Brood Lord, Corruptor  
  96  17:48  Zergling x2  
  96  17:49  Drone  
  102  18:01  Corruptor x2  
  93  18:33  Corruptor x2  
  93  18:34  Corruptor  
  89  19:00  Corruptor x3  
  96  19:02  Drone  
  96  19:03  Drone x8  
  96  19:04  Drone x2  
  76  19:24  Brood Lord  
  76  19:26  Drone x4  
  76  19:27  Drone x3  
  85  19:36  Drone x6  
  91  19:41  Brood Lord  
  93  19:50  Zergling x4  
  93  19:51  Drone x4  
  99  19:56  Brood Lord  
  101  20:17  Drone x2  
  101  20:18  Drone  
  80  20:35  Corruptor x2  
  80  20:39  Brood Lord  
  86  20:44  Zergling x6  
  86  20:45  Drone x7  
  86  20:46  Drone x3  
  99  20:51  Extractor  
  94  21:20  Corruptor x3  
  100  21:28  Drone x7  
  100  21:31  Corruptor x2  
  100  21:32  Corruptor  
  113  21:33  Zergling x2  
  114  21:40  Overseer x2  
  114  21:43  Pneumatized Carapace  
  110  21:55  Mutalisk x2  
  110  21:57  Zergling x2  
  111  22:12  Brood Lord  
  111  22:13  Corruptor  
  115  22:15  Zergling x2  
  115  22:16  Zergling x2  
  117  22:31  Drone x4  
  117  22:32  Drone x2  
  123  22:40  Brood Lord  
  125  22:49  Mutalisk  
  127  23:20  Hatchery  
  127  23:21  Brood Lord  
  127  23:22  Brood Lord  
  127  23:24  Brood Lord  
  132  23:32  Spine Crawler  
  131  23:34  Spine Crawler  
  130  23:42  Zergling x4  
  130  23:45  Brood Lord  
  134  24:00  Brood Lord x2  
  134  24:12  Spire  
  122  24:23  Corruptor  
Show
View Real Time Build Order
Export as new Build Order

Massa Terran 

Build Orders:  

Get SALT Encoding   

  12  0:00  SCV  
  13  0:12  SCV  
  14  0:22  Supply Depot  
  14  0:24  SCV  
  15  0:42  Refinery  
  15  0:43  SCV  
  15  0:45  Barracks  
  16  0:55  SCV  
  17  1:09  SCV  
  18  1:21  SCV, Barracks  
  19  1:27  Supply Depot  
  19  1:32  Reaper  
  20  1:39  Orbital Command  
  20  1:53  Bunker  
  20  2:04  Marine  
  21  2:09  Reaper  
  22  2:20  Command Center  
  22  2:23  Marine  
  23  2:39  Factory  
  23  2:44  Barracks Tech Lab  
  23  2:48  Marine  
  23  2:51  SCV  
  25  2:57  Supply Depot  
  25  3:04  Marine  
  26  3:06  Marine  
  27  3:22  Marine  
  28  3:27  Hellion  
  28  3:31  SCV  
  28  3:33  Orbital Command  
  31  3:38  Stimpack  
  31  3:44  SCV  
  32  3:48  Refinery  
  32  3:51  Engineering Bay  
  32  3:52  Marine  
  33  3:56  SCV  
  33  4:00  Hellion  
  33  4:01  Barracks Reactor, SCV  
  37  4:08  SCV  
  31  4:19  Marine  
  26  4:27  Hellion  
  27  4:37  Marine  
  28  4:48  Marine x2  
  28  4:49  Hellion  
  28  4:50  SCV x2  
  34  4:55  Marine  
  34  4:56  Starport  
  35  5:01  Command Center  
  35  5:02  SCV  
  35  5:03  SCV  
  35  5:06  Marine x2  
  39  5:10  Hellion  
  39  5:13  Marine  
  42  5:15  SCV x2  
  42  5:17  Combat Shield  
  42  5:20  Missile Turret  
  44  5:22  Missile Turret  
  44  5:24  Marine x2  
  46  5:31  Supply Depot  
  46  5:32  SCV, Missile Turret  
  46  5:33  Supply Depot  
  46  5:34  Medivac  
  49  5:38  Widow Mine  
  51  5:43  Marine  
  51  5:44  Marine  
  53  5:51  SCV, Supply Depot  
  53  5:53  SCV, Marauder  
  57  6:00  Refinery  
  57  6:02  Refinery  
  57  6:03  SCV  
  58  6:05  SCV  
  58  6:06  Factory Tech Lab  
  59  6:28  SCV x2  
  61  6:34  Starport Reactor, Marine x2  
  61  6:35  Siege Tank  
  61  6:36  Marauder  
  68  6:40  SCV x2  
  68  6:43  Barracks  
  70  6:52  SCV x2, Marine x2  
  74  6:58  Marauder  
  76  7:04  SCV  
  67  7:30  Sensor Tower  
  67  7:31  Orbital Command  
  67  7:32  SCV  
  67  7:33  SCV  
  67  7:35  Medivac x2  
  67  7:36  Siege Tank  
  76  7:37  Marauder, Marine x2  
  80  7:44  SCV  
  80  7:45  SCV, Barracks  
  80  7:49  Barracks Reactor  
  82  7:52  Barracks  
  82  7:53  Concussive Shells  
  82  7:55  Marine  
  82  7:57  SCV x2  
  82  7:58  SCV  
  86  8:09  SCV x2  
  86  8:10  SCV  
  89  8:21  SCV, Sensor Tower  
  89  8:26  Viking  
  92  8:43  Barracks Tech Lab  
  92  8:44  Barracks Tech Lab  
  92  8:47  Viking  
  92  9:02  Orbital Command  
  92  9:05  Marine  
  93  9:10  Supply Depot  
  93  9:12  Supply Depot x3  
  93  9:14  Supply Depot  
  93  9:16  Supply Depot  
  93  9:23  Sensor Tower  
  93  9:32  SCV x2, Marauder, Marine x4, Missile Turret  
  93  9:34  SCV, Marauder x2  
  106  9:42  Siege Tank  
  106  9:44  SCV, Terran Infantry Weapons Level 1  
  110  9:48  Engineering Bay  
  110  9:49  Marine x2  
  110  9:50  Armory  
  112  9:55  Marauder x2  
  116  10:09  Refinery  
  116  10:12  Refinery  
  116  10:14  Siege Tank  
  119  10:31  Command Center  
  119  10:46  Orbital Command, Siege Tank  
  118  11:11  Refinery  
  118  11:16  Missile Turret  
  118  11:18  Missile Turret  
  118  11:19  SCV  
  118  11:20  SCV x2  
  118  11:22  Missile Turret  
  121  11:30  Siege Tank  
  121  11:32  SCV x3  
  127  11:33  Smart Servos  
  127  11:44  SCV x3  
  130  12:01  Refinery  
  130  12:14  Medivac x2  
  100  12:57  Marauder  
  100  12:58  Marauder x2, Marine  
  105  12:59  Marine x3  
  105  13:00  Liberator x2  
  115  13:09  Planetary Fortress  
  115  13:16  Marine  
  115  13:17  Marine x2  
  115  13:19  Marauder x3  
  117  13:37  Refinery  
  117  13:40  Marauder x3  
  117  13:49  Command Center  
  117  13:53  Missile Turret  
  116  14:13  Missile Turret  
  116  14:19  Marauder x3, Marine x3  
  116  14:20  Marine  
  116  14:21  Terran Infantry Weapons Level 2  
  116  14:22  Terran Infantry Armor Level 1  
  116  14:23  Terran Vehicle And Ship Armor Level 1  
  125  14:24  SCV x2  
  125  14:25  SCV  
  125  14:28  Medivac x2  
  131  14:36  SCV, Missile Turret  
  131  14:37  SCV x2, Marine  
  128  14:40  Marauder  
  128  14:41  Marauder  
  132  14:48  SCV  
  132  14:49  SCV  
  98  15:30  Orbital Command  
  98  15:31  SCV x2  
  98  15:32  SCV  
  98  15:36  Marauder  
  98  15:37  Marauder x2, Marine x4  
  98  15:39  Medivac x2  
  98  15:41  Siege Tank  
  86  15:43  SCV x2  
  86  15:44  SCV  
  86  15:46  Command Center  
  86  15:48  Barracks  
  86  15:49  Barracks  
  89  15:52  Factory  
  89  15:53  Barracks, Factory  
  89  15:54  Marine  
  89  15:55  Starport, Marine x3  
  93  15:58  Marauder x3  
  93  15:59  Refinery  
  93  16:02  Refinery x2  
  99  16:09  Medivac x2  
  103  16:12  Marine  
  103  16:13  Marine x3, Siege Tank  
  109  16:19  Marauder, Marine x2  
  113  16:30  Marine  
  113  16:31  Marine x3  
  117  16:35  Terran Infantry Armor Level 2  
  117  16:37  Marine x2  
  117  16:38  Factory Tech Lab x2  
  117  16:39  Barracks Reactor, Barracks Tech Lab, Medivac x2  
  123  16:41  Marauder  
  117  16:48  Marine x3  
  120  16:55  Marauder x2  
  113  17:03  Widow Mine x3  
  113  17:04  Drilling Claws  
  113  17:06  Marine x2  
  113  17:07  Barracks Tech Lab, Marauder  
  113  17:08  Marine x3  
  119  17:17  Marauder x2  
  119  17:18  Command Center  
  123  17:24  Terran Infantry Weapons Level 3, Widow Mine x3, Marine  
  123  17:25  Terran Vehicle And Ship Armor Level 2  
  123  17:26  Marauder  
  132  17:46  Widow Mine  
  132  17:49  Sensor Tower  
  134  17:54  Medivac x2  
  134  17:56  Marauder x2, Marine x6  
  134  17:57  Marine x3  
  151  18:00  Siege Tank  
  154  18:06  Supply Depot  
  154  18:13  Marine, Supply Depot x2  
  154  18:15  Supply Depot  
  154  18:17  Supply Depot  
  154  18:18  Supply Depot  
  155  18:28  Marauder x3, Siege Tank  
  155  18:29  Siege Tank  
  155  18:31  Supply Depot  
  155  18:32  Siege Tank  
  170  18:39  Supply Depot  
  170  18:42  Supply Depot  
  153  19:00  Siege Tank  
  153  19:01  Siege Tank  
  112  19:58  Medivac x2  
  96  20:06  Widow Mine x3  
  106  20:07  Marauder x5, Marine  
  106  20:08  Marine x4  
  106  20:12  Terran Infantry Armor Level 3  
  106  20:13  Hi-Sec Auto Tracking  
  117  20:14  Factory  
  117  20:24  Marine  
  117  20:25  Marine  
  117  20:26  Marine x2  
  117  20:27  Widow Mine x3  
  117  20:28  Marauder x3, Medivac x2  
  128  20:29  Marauder x2  
  126  21:10  Neosteel Armor  
  72  21:26  Marauder x3  
  72  21:27  Marauder x2, Marine x6  
  72  21:30  Siege Tank x3  
  93  21:33  Factory Reactor  
  93  21:35  Terran Vehicle And Ship Armor Level 3  
  93  21:37  Starport Reactor  
  93  21:38  Medivac x2  
  97  21:44  Marine  
  97  21:45  Marine x5  
  103  21:47  Marine x3  
  103  21:48  Marauder, Marine  
  109  21:58  Missile Turret  
  109  21:59  Missile Turret  
  101  22:02  Marine, Siege Tank x3  
  101  22:03  Marine x5  
  101  22:06  Marauder x4  
  116  22:08  Medivac x2  
  110  22:34  Siege Tank  
  113  22:38  Medivac  
  95  23:11  Command Center  
  95  23:14  Orbital Command  
  95  23:18  Widow Mine x2  
  95  23:19  Widow Mine  
  99  23:29  Widow Mine  
  99  23:32  SCV  
  102  23:45  SCV  
Tags
 
Add a new tag
Caveats
  • Supply blocks, unpowered buildings, or Contaminate may cause inaccurate times.
  • Supply counts are checked every 10 seconds.